 Dungeon Crawl Stone Soup version 0.19-a0-1825-gf3d8994 (webtiles) character file.

51 FatPrincess the Caller (level 3, -1/30 HPs)
             Began as a Basajaun Summoner on Oct 16, 2016.
             Slain by Crazy Yiuf
             ... wielding a +2 quarterstaff of chaos
              (8 damage)
             ... while paralysed by Crazy Yiuf
             ... on level 2 of the Dungeon.
             The game lasted 00:05:39 (1421 turns).

FatPrincess the Caller (Basajaun Summoner)          Turns: 1421, Time: 00:05:39

Health: -1/30      AC:  2    Str: 11    XL:     3   Next: 57%
Magic:  1/7        EV:  1    Int: 17    God:
Gold:   75         SH:  0    Dex: 10    Spells: 3 memorised, 1 level left

rFire  . . .     SeeInvis .     f - +0 club
rCold  . . .     Gourm    .     a - +0 robe
rNeg   . . .     Faith    .     (no shield)
rPois  .         Spirit   .     (helmet restricted)
rElec  .         Dismiss  .     (no cloak)
rCorr  .         Reflect  .     (gloves unavailable)
MR     +....     Harm     .     (boots unavailable)
Stlth  ++........               (no amulet)
                                (no ring)
                                d - ring of protection from magic

@: paralysed
A: unfitting armour
a: no special abilities


You were on level 2 of the Dungeon.
You were very hungry.

You visited 1 branch of the dungeon, and saw 2 of its levels.

You collected 75 gold pieces.

Inventory:

Hand Weapons
 f - a +0 club (weapon)
Armour
 a - a +0 robe (worn)
Jewellery
 d - a ring of protection from magic (left hand)
Scrolls
 e - a scroll of remove curse {unknown}
 g - a scroll of recharging {unknown}
 h - 2 scrolls of magic mapping {unknown}
 i - a scroll of enchant weapon {unknown}
 m - a scroll of teleportation {unknown}
Potions
 j - a potion of flight {unknown}
 l - a potion of magic {unknown}
Books
 b - a book of Callings

   Spells                             Type                      Level
   a - Summon Small Mammal            Summoning                    1
   b - Call Imp                       Summoning                    2
   c - Call Canine Familiar           Summoning                    3
   d - Summon Guardian Golem          Hexes/Summoning              3
   e - Summon Lightning Spire         Summoning/Air                4
   f - Summon Ice Beast               Ice/Summoning                4
Comestibles
 c - a bread ration


   Skills:
 + Level 0.4 Fighting
 - Level 1.0 Maces & Flails
 + Level 2.0 Dodging
 + Level 2.4 Stealth
 + Level 2.6 Spellcasting
 + Level 4.6 Summonings


You had one spell level left.
You knew the following spells:

 Your Spells              Type           Power        Failure   Level  Hunger
a - Summon Small Mammal   Summ           ###.         2%          1    #......
b - Call Imp              Summ           ###.....     4%          2    ##.....
c - Call Canine Familiar  Summ           ###.....     10%         3    ###....


Dungeon Overview and Level Annotations

Branches:
Dungeon (2/15)

Altars:

Annotations:
D:2 Crazy Yiuf


Message History

Confirm with . or Enter, or press ? or * to list all spells.
A shadowy apparition takes form in the air.
Your hound barely misses Crazy Yiuf.
Crazy Yiuf hits your hound with a quarterstaff of chaos.
Your hound barely misses Crazy Yiuf.
Your hound dies!
Your hound's corpse disappears in a puff of smoke!
You barely miss Crazy Yiuf.
Crazy Yiuf is severely wounded.
Crazy Yiuf hits you with a quarterstaff of chaos!
You hit Crazy Yiuf.
Crazy Yiuf is almost dead.
Crazy Yiuf hits you with a quarterstaff of chaos.
You suddenly lose the ability to move!
Crazy Yiuf hits you with a quarterstaff of chaos!
* * * LOW HITPOINT WARNING * * *
Crazy Yiuf freezes you.
* * * LOW HITPOINT WARNING * * *
Crazy Yiuf hits you with a quarterstaff of chaos!
You die...

#### #..##♣♣ ####
#.....♣♣ ♣♣#..)#
#....g.♣♣♣♣gr...#
#.....r.♣.b♣#...#
#.#....♣.♣♣♣ ####
#.###♣♣♣♣♣ #g.#
#@######## ####
#55....#.#####....
#.##..........#.#
#.######.#####[#
#.# #.# #.#
#.######.# #.#
#........# #r#
########## #.#
###.###


You could see Crazy Yiuf, a friendly crimson imp and a friendly shadow imp.

Vanquished Creatures
  An ooze (D:1)
  A dart slug (D:1)
  2 giant cockroaches
  2 hobgoblins (D:1)
  2 kobolds (D:1)
  3 bats (D:1)
  3 frilled lizards
  4 rats (D:1)
18 creatures vanquished.

Vanquished Creatures (collateral kills)
  Jessica (D:2)
  An ooze (D:1)
  2 leopard geckos (D:1)
  3 bats (D:1)
  A giant cockroach (D:1)
  A goblin (D:1)
  A jackal (D:1)
  A frilled lizard (D:2)
  3 kobolds
  A rat (D:2)
15 creatures vanquished.

Vanquished Creatures (others)
  A jackal (D:1)
1 creature vanquished.

Grand Total: 34 creatures vanquished

Notes
Turn   | Place    | Note
-------+----------+-------------------------------------------
     0 | D:1      | FatPrincess the Basajaun Summoner began the quest for the Orb.
     0 | D:1      | Reached XP level 1. HP: 15/15 MP: 4/4
   136 | D:1      | Reached XP level 2. HP: 17/22 MP: 2/6
   606 | D:1      | Reached XP level 3. HP: 7/28 MP: 7/7
   623 | D:1      | Reached skill level 1 in Maces & Flails
  1250 | D:2      | Noticed Jessica
  1277 | D:2      | Killed Jessica
  1303 | D:2      | Found a runed door.
  1307 | D:2      | Noticed Crazy Yiuf
  1408 | D:2      | Learned a level 2 spell: Call Imp
  1412 | D:2      | Learned a level 3 spell: Call Canine Familiar
  1419 | D:2      | Paralysed by Crazy Yiuf for 7 turns
  1421 | D:2      | Slain by Crazy Yiuf

Vault maps used:
D:1:      shiori_arrival_oz
D:2:      marbit_many_paths, first_bread, uniq_jessica, uniq_crazy_yiuf_cottage

Skill      XL: |  1  2  3 |
---------------+----------+-----
Maces & Flails | 1 |  1.0
Dodging        | 2 |  2.0
Fighting       | |  0.4
Stealth        | |  2.4
Spellcasting   | |  2.6
Summonings     | |  4.6

Action                   || total
-------------------------++-------
Melee: Club              ||    93
       Unarmed           ||    12
 Cast: Summon Small Mamm ||    37
       Call Imp          ||     2
       Call Canine Famil ||     1
 Stab: Sleeping          ||     4
  Eat: Chunk             ||     1
Armor: Robe              ||    33
Dodge: Dodged            ||    93
